 Dungeon Crawl Stone Soup version 0.29-a0-617-g7a6b98fccd (webtiles) character file.

Game seed: 4211327256294769224

426 valliere the Cudgeller (level 7, -4/55 HPs)
             Began as a Formicid Fighter on June 17, 2022.
             Was an Initiate of Hepliaklqana.
             Slain by a fire elemental (12 damage)
             ... created by the fiery vengeance of Ignis
             ... on level 4 of the Dungeon.
             The game lasted 00:08:12 (2324 turns).

valliere the Cudgeller (Formicid Fighter)           Turns: 2324, Time: 00:08:12

Health: -4/55      AC: 15    Str: 23    XL:     7   Next: 18%
Magic:  7/7        EV:  9    Int:  7    God:    Hepliaklqana [......]
Gold:   335        SH:  5    Dex: 15    Spells: 6/6 levels left

rFire   . . .      SeeInvis +   x - +6 whip of War {drain, Dex+2}
rCold   . . .      Faith    .   c - +0 buckler
rNeg    + . .      Spirit   .   b - +0 scale mail
rPois   .          Reflect  .   (helmet unavailable)
rElec   .          Harm     .   (no cloak)
rCorr   .          Rampage  .   g - +0 pair of gloves
Will    .....                   q - +2 pair of boots
Stlth   ..........              u - amulet of regeneration
HPRegen 0.98/turn               p - +4 ring of protection
MPRegen 0.10/turn               y - ring of positive energy

@: fire susceptible
A: permanent stasis, dig shafts and tunnels, antennae 3, four strong arms
a: Dig, Shaft Self, Renounce Religion


You were on level 4 of the Dungeon.
You worshipped Hepliaklqana.
Hepliaklqana was noncommittal.
You visited 2 branches of the dungeon, and saw 5 of its levels.

You collected 335 gold pieces.

Inventory:

Hand Weapons
 a - a +0 flail
 x - the +6 whip of War (weapon) {drain, Dex+2}
   (You found it on level 3 of the Dungeon)

   A truly terrible weapon, it drains the life of any living foe it strikes.
   Dex:       It affects your dexterity (+2).
Missiles
 j - 75 stones
Armour
 b - a +0 scale mail (worn)
 c - a +0 buckler (worn)
 g - a +0 pair of gloves (worn)
 q - a +2 pair of boots (worn)
Jewellery
 p - a +4 ring of protection (left hand)
 u - an amulet of regeneration (around neck)
 y - a ring of positive energy (right hand)
 E - an amulet of reflection
Scrolls
 f - 3 scrolls of poison {unknown}
 h - a scroll of fear {unknown}
 k - 2 scrolls of teleportation {unknown}
 l - a scroll of fog {unknown}
 n - a scroll of summoning {unknown}
 o - 3 scrolls of identify {unknown}
 s - 3 scrolls of enchant weapon {unknown}
 A - a scroll of blinking {unknown}
 B - a scroll of acquirement {unknown}
 C - a scroll of enchant armour {unknown}
 D - a scroll of vulnerability {unknown}
 G - a scroll of immolation {unknown}
Potions
 d - a potion of might
 e - 2 potions of curing {unknown}
 i - a potion of magic {unknown}
 m - a potion of resistance {unknown}
 r - 3 potions of invisibility {unknown}
 t - a potion of flight {unknown}
 v - 2 potions of lignification {unknown}
 w - a potion of attraction {unknown}
 z - a potion of haste
 F - a potion of ambrosia {unknown}


   Skills:
 + Level 4.8 Fighting
 * Level 5.1 Maces & Flails
 + Level 5.0 Armour
 - Level 4.4 Shields


You had 6 spell levels left.
You didn't know any spells.
Your spell library contained the following spells:

 Spells                   Type           Power      Damage    Failure   Level
 Hailstorm                Conj/Ice       0%         3d3       100%        4
 Ice Form                 Ice/Tmut       0%         N/A       100%        4
 Simulacrum               Ice/Necr       0%         N/A       100%        6


Dungeon Overview and Level Annotations

Branches:
Dungeon (4/15)             Temple (1/1) D:4

Altars:
Ashenzari
Cheibriados
Elyvilon
Fedhas
Hepliaklqana
Kikubaaqudgha
Makhleb
Nemelex Xobeh
Qazlal
Ru
Sif Muna
Trog
Vehumet
Wu Jian
Xom
Ignis

Shops:
D:2 *   D:4 [


Innate Abilities, Weirdness & Mutations

You cannot be hasted, slowed, berserked, paralysed or teleported.
You can dig through walls and to a lower floor.
You have a pair of large antennae on your head. (SInv)
Your four strong arms can wield two-handed weapons with a shield.


Message History

HP restored.
Found a stone staircase leading down.
s - 3 scrolls labelled YGADWE JOAHOM (gained 1)
G - a scroll labelled URAISU VINNIX Ignis wails with rage, and rains down burning fury! 3 fire elementals come into view.
There are monsters nearby!
Press: ? - help, v - describe, . - travel
Here: a fire elemental (durably summoned)
The floor.
Okay, then.
You whack the fire elemental!
The fire elemental is moderately damaged.
You closely miss the fire elemental.
The fire elemental is moderately damaged.
The fire elemental hits you. The fire elemental burns you!
You whack the fire elemental!
The fire elemental is severely damaged.
The fire elemental closely misses you. The fire elemental hits you.
The fire elemental burns you!
The fire elemental completely misses you.
You closely miss the fire elemental.
The fire elemental is severely damaged.
The fire elemental hits you. The fire elemental burns you!
The fire elemental hits you. The fire elemental burns you!
The fire elemental hits you. The fire elemental burns you!
* * * LOW HITPOINT WARNING * * *
You closely miss the fire elemental.
The fire elemental is severely damaged.
The fire elemental hits you. The fire elemental burns you!
* * * LOW HITPOINT WARNING * * *
You block the fire elemental's attack. x2
You hit the fire elemental but do no damage.
The fire elemental is heavily damaged.
You block the fire elemental's attack.
The fire elemental barely misses you. x2
You hit the fire elemental.
The fire elemental is severely damaged.
You block the fire elemental's attack. The fire elemental closely misses you.
The fire elemental hits you. The fire elemental burns you!
You die...

#####..###. #..#.#.#.# #.....#
#.. #......... ..##### #.#
##..#.#.#.# )##...# #.#
#..........
.##...###.#############>..#.#.#.#
###...#....##....................
###...#....##..........##########
..<.#)#....#...E....####
.....)))........@...#
..####.....##..E.E..# #### ..#
##.....#.......# #..# ..#
#.............# #.## ..#
######........#####.# ..#
#........#.....# ..#
#.....####.##### ..# ##....#....#
### #.#......##


You could see 3 fire elementals.

Vanquished Creatures
  A bullfrog (D:4)
  A howler monkey (D:4)
  2 hounds (D:4)
  A jelly (D:4)
  An iguana (D:4)
  An orc wizard (D:3)
  8 gnolls (D:4)
  A worm (D:3)
  4 dart slugs
  6 orcs (D:3)
  6 endoplasms
  2 giant cockroaches
  13 goblins
  11 hobgoblins
  5 kobolds
  7 quokkas
  7 ball pythons
  9 bats
  6 frilled lizards
92 creatures vanquished.

Vanquished Creatures (others)
  2 fungi (D:1)
  A plant (D:1)
3 creatures vanquished.

Grand Total: 95 creatures vanquished

Notes
Turn   | Place    | Note
-------+----------+-------------------------------------------
     0 | D:1      | valliere the Formicid Fighter began the quest for the Orb.
     0 | D:1      | Reached XP level 1. HP: 18/18 MP: 1/1
   129 | D:1      | Reached XP level 2. HP: 22/24 MP: 2/2
   350 | D:1      | Reached XP level 3. HP: 28/29 MP: 3/3
   373 | D:1      | Found a faded altar of an unknown god.
   377 | D:1      | Prayed at the altar of an unknown god.
   377 | D:1      | Became a worshipper of Ignis, the Dying Flame
   796 | D:2      | Found Pahukaw's Assorted Antiques.
  1166 | D:2      | Reached XP level 4. HP: 37/37 MP: 4/4
  1345 | D:3      | Identified the +6 whip of War {drain, Dex+2}
  1581 | D:3      | Reached XP level 5. HP: 42/42 MP: 5/5
  1798 | D:4      | Noticed a bullfrog
  1813 | D:4      | Killed a bullfrog
  1814 | D:4      | Reached XP level 6. HP: 49/49 MP: 6/6
  1916 | D:4      | Found Lich's Armour Boutique.
  2035 | D:4      | Found a staircase to the Ecumenical Temple.
  2046 | D:4      | Reached XP level 7. HP: 55/55 MP: 7/7
  2051 | Temple   | Entered the Ecumenical Temple
  2169 | Temple   | Fell from the grace of Ignis
  2169 | Temple   | Became a worshipper of Hepliaklqana the Forgotten
  2195 | D:4      | Reached skill level 5 in Maces & Flails
  2273 | D:4      | Reached skill level 5 in Armour
  2318 | D:4      | Noticed a fire elemental
  2318 | D:4      | Noticed a fire elemental
  2318 | D:4      | Noticed a fire elemental
  2324 | D:4      | Slain by a fire elemental

Illustrated notes

Levels and vault maps discovered:
D:1:      dpeg_arrival_connections, layout_basic,
          shapermc_ecumenical_altar_mp_ritualfount
D:2:      layout_loops_ring, serial_shops, shop
D:3:      layout_rooms
D:4:      layout_rooms, minmay_temple_entry_sparse_star, serial_shops,
          shop_coins, st_stairs_10
Temple:   regret_index_temple_waves

Skill      XL: |  1  2  3  4  5  6  7 |
---------------+----------------------+-----
Maces & Flails | 3 4 5 |  5.1
Armour         | 4 5 |  5.0
Fighting       | 4 |  4.8
Shields        | |  4.4

Action                   |  1- 3 |  4- 6 |  7- 9 || total
-------------------------+-------+-------+-------++-------
Melee: Flail             |    93 |     2 |       ||    95
       Whip              |       |   100 |    26 ||   126
 Abil: Dig               |       |     2 |       ||     2
Armor: Scale mail        |    52 |    40 |    11 ||   103
Dodge: Dodged            |    50 |    32 |    12 ||    94
Block: Buckler           |    19 |    18 |     4 ||    41

Table legend: (Time is in decaauts)
 A = Elapsed time spent in this place.
 B = Non-inter-level travel time spent in this place.
 C = Inter-level travel time spent in this place.
 D = Time resting spent in this place.
 E = Time spent auto-exploring this place.
 F = Levels seen in this place.
 G = Mean time per level.
                   A        B        C        D        E       F      G
               +--------+--------+--------+--------+--------+-----+--------+
         Total |   2343 |   2315 |     28 |      0 |   1670 |   5 |  468.6 |
       Dungeon |   2205 |   2195 |     10 |      0 |   1570 |   4 |  551.2 |
        Temple |    137 |    119 |     18 |      0 |    100 |   1 |  137.0 |
               +--------+--------+--------+--------+--------+-----+--------+

Top non-repeatable levels by time:
     D:1: 811 daAuts
     D:2: 561 daAuts
     D:3: 447 daAuts
     D:4: 385 daAuts
  Temple: 137 daAuts
